 Dungeon Crawl Stone Soup version 0.17.0-27-g4a3f43e (webtiles) character file.

219 DeXoteric the Twirler (level 5, -5/33 HPs)
             Began as a Gargoyle Gladiator on Nov 21, 2015.
             Killed by divine providence
             ... invoked by an orc priest
              (8 damage)
             ... on level 3 of the Dungeon.
             The game lasted 00:07:30 (2539 turns).

DeXoteric the Twirler (Gargoyle Gladiator)          Turns: 2539, Time: 00:07:30

Health: -5/33      AC: 11    Str: 17    XL:     5   Next: 96%
Magic:  5/5        EV: 11    Int:  8    God:
Gold:   87         SH:  0    Dex: 11    Spells: 0 memorised, 4 levels left

rFire  + . .     SeeInvis .     a - +0 quarterstaff
rCold  . . .     Clarity  .     f - +0 ring mail
rNeg   + . .     SustAt   .     (shield currently unavailable)
rPois  ∞         Gourm    .     c - +0 helmet
rElec  +         Spirit   .     (no cloak)
rCorr  .         Warding  .     (no gloves)
rMut   .         Stasis   .     u - +0 pair of boots
MR     .....                    (no amulet)
Stlth  +.........               t - ring of protection from fire
                                l - -2 ring of strength (curse)

@: not resistant to hostile enchantments, very unstealthy
A: negative energy resistance 1, electricity resistance, unbreathing,
petrification resistance, rot immunity, AC +4
a: no special abilities


You were on level 3 of the Dungeon.
You were hungry.

You visited 1 branch of the dungeon, and saw 3 of its levels.

You collected 87 gold pieces.

Inventory:

Hand Weapons
 a - a +0 quarterstaff (weapon)
Missiles
 d - 3 throwing nets
 m - 12 poisoned needles
 w - 2 tomahawks (quivered)
Armour
 b - a +0 leather armour
 c - a +0 helmet (worn)
 f - a +0 ring mail (worn)
 u - a +0 pair of boots (worn)
Jewellery
 l - a cursed -2 ring of strength (left hand)
 t - a ring of protection from fire (right hand)
Scrolls
 j - a scroll of enchant weapon {unknown}
 n - a scroll of remove curse {unknown}
 o - 3 scrolls of identify {unknown}
 p - a scroll of fear {unknown}
 q - 3 scrolls of teleportation {unknown}
 s - a scroll of blinking {unknown}
 v - 3 scrolls of enchant armour {unknown}
Potions
 h - a potion of degeneration {unknown}
 i - 2 potions of heal wounds {unknown}
Comestibles
 e - a bread ration
 g - 2 meat rations
 k - a beef jerky


   Skills:
 + Level 4.2 Fighting
 * Level 5.4 Staves
 - Level 1.7 Throwing
 - Level 2.4 Dodging


You had 4 spell levels left.
You didn't know any spells.

Dungeon Overview and Level Annotations

Branches:
Dungeon (3/15)

Altars:
Kikubaaqudgha
Nemelex Xobeh


Innate Abilities, Weirdness & Mutations

You are resistant to torment.
Your stone body is resilient (AC +4).
You are immune to poison.
You resist negative energy.
You are resistant to electric shocks.
You can survive without breathing.
You are immune to petrification.
You are immune to rotting.


Message History

You are too injured to fight recklessly!
You are too injured to fight recklessly!
You are too injured to fight recklessly!
You are too injured to fight recklessly!
You are too injured to fight recklessly!
You are too injured to fight recklessly!
You are too injured to fight recklessly!
You are too injured to fight recklessly!
You hit the orc priest but do no damage.
The orc priest is moderately wounded.
The orc priest hits you.
* * * LOW HITPOINT WARNING * * *
You hit the orc priest.
The orc priest is heavily wounded.
The orc priest hits you but does no damage.
You hit the orc priest.
The orc priest is heavily wounded.
The orc priest calls down the wrath of Beogh upon you.
Something smites you!
You die...

..### # #.# #.# .#
..# #.# ### #.# # #.#
# #.# .######## # #.#
........# #####.# #9#
....).##########o#
................)####
#####.........)..†.o#
##########.###.o...#
#.# o..... #.# .####
#.. .. ### ##


You could see an orc priest.

Vanquished Creatures
  An orc wizard (D:3)
  3 orc priests (D:3)
  3 adders (D:2)
  An ooze (D:1)
  A worm (D:1)
  5 giant geckos
  13 orcs (D:3)
  2 bats
  3 giant cockroaches
  4 goblins
  6 hobgoblins
  6 kobolds
  3 quokkas (D:3)
  2 giant newts
  5 rats
58 creatures vanquished.

Notes
Turn   | Place    | Note
--------------------------------------------------------------
     0 | D:1      | DeXoteric the Gargoyle Gladiator began the quest for the Orb.
     0 | D:1      | Reached XP level 1. HP: 12/12 MP: 1/1
   124 | D:1      | Reached XP level 2. HP: 15/17 MP: 2/2
   974 | D:1      | Reached XP level 3. HP: 22/22 MP: 3/3
  1375 | D:2      | Reached skill level 4 in Staves
  1445 | D:2      | Found a sparkling altar of Nemelex Xobeh.
  1570 | D:2      | Reached XP level 4. HP: 20/28 MP: 4/4
  1651 | D:2      | Found an ancient bone altar of Kikubaaqudgha.
  2222 | D:3      | Reached XP level 5. HP: 13/33 MP: 5/5
  2502 | D:3      | Reached skill level 5 in Staves
  2539 | D:3      | Killed from afar by an orc priest

Action                   |  1- 3 |  4- 6 || total
-------------------------+-------+-------++-------
Melee: Quarterstaff      |   117 |   135 ||   252
  Eat: Chunk             |     2 |     3 ||     5
